 Dungeon Crawl Stone Soup version 0.29.0 (webtiles) character file.

Game seed: 6907848547939291888

13 malesh the Sneak (level 2, 0/13 HPs)
             Began as a Vine Stalker Enchanter on Aug 30, 2022.
             Slain by a quokka (3 damage)
             ... on level 1 of the Dungeon.
             The game lasted 00:01:33 (426 turns).

malesh the Sneak (Vine Stalker Enchanter)            Turns: 426, Time: 00:01:34

Health: 0/13       AC:  2    Str: 10    XL:     2   Next: 37%
Magic:  0/6        EV: 12    Int: 15    God:
Gold:   0          SH:  0    Dex: 14    Spells: 3/5 levels left

rFire   . . .      SeeInvis .   a - +1 dagger
rCold   . . .      Faith    .   (no shield)
rNeg    . . .      Spirit   +   b - +0 robe
rPois   .          Reflect  .   (no helmet)
rElec   .          Harm     .   (no cloak)
rCorr   .          Rampage  .   (no gloves)
Will    .....                   (no boots)
Stlth   ++........              (no amulet)
HPRegen 0.04/turn               (no ring)
MPRegen 0.10/turn               (no ring)

@: no status effects
A: fangs 2, magic shield, antimagic bite, no potion heal 2
a: no special abilities


You were on level 1 of the Dungeon.
You visited 1 branch of the dungeon, and saw 1 of its levels.

Inventory:

Hand Weapons
 a - a +1 dagger (weapon)
Armour
 b - a +0 robe (worn)
Scrolls
 d - a scroll of teleportation {unknown}
 e - 3 scrolls of noise {unknown}
Potions
 c - 2 potions of invisibility


   Skills:
 * Level 0.9 Short Blades
 * Level 1.8 Dodging
 + Level 3.9 Stealth
 - Level 2.2 Spellcasting
 * Level 3.3 Hexes
 * Level 0.0 Ice Magic


You had 3 spell levels left.
You knew the following spells:

 Your Spells              Type           Power      Damage    Failure   Level
a - Ensorcelled Hibernat  Hex/Ice        12%        N/A       16%         2

Your spell library contained the following spells:

 Spells                   Type           Power      Damage    Failure   Level
 Confusing Touch          Hex            11%        N/A       17%         3
 Tukima's Dance           Hex            11%        N/A       17%         3
 Static Discharge         Conj/Air       1%         3-4/arc   32%         2
 Dazzling Flash           Conj/Hex       12%        N/A       32%         3
 Dispel Undead            Necr           1%         3d6       91%         4
 Sticky Flame             Conj/Fire      1%         2d3       91%         4


Dungeon Overview and Level Annotations

Branches:
Dungeon (1/15)

Altars:


Innate Abilities, Weirdness & Mutations

You have extremely sharp teeth.
When hurt, damage is shared between your health and your magic reserves.
Your bite disrupts and absorbs the magic of your enemies.
Potions cannot restore your health.


Message History

The kobold resists with significant effort.
A quokka comes into view.
The kobold barely misses you.
Casting: Ensorcelled Hibernation (safe; 17% risk of failure)
Confirm with . or Enter, or press ? or * to list all spells.
Aiming: Ensorcelled Hibernation (safe; 17% risk of failure)
Press: ? - help, Shift-Dir - straight line, f/p - kobold
Aim: a kobold, wielding a +0 dagger and quivering stones (chance to affect: 57%)
The kobold looks drowsy...
The helpless kobold fails to defend itself.
You puncture the kobold!
You kill the kobold!
Casting: Ensorcelled Hibernation (safe; 16% risk of failure)
Confirm with . or Enter, or press ? or * to list all spells.
Aiming: Ensorcelled Hibernation (safe; 16% risk of failure)
Press: ? - help, Shift-Dir - straight line, f - quokka
Aim: a quokka (chance to affect: 57%)
The quokka resists with significant effort.
The quokka completely misses you.
You hit the quokka but do no damage. Your bite misses the quokka.
The quokka bites you.
You are too injured to fight recklessly!
You hit the quokka. You bite the quokka. You drain its power.
You feel invigorated.
The quokka is severely wounded.
The quokka barely misses you. The quokka bites you.
You closely miss the quokka. Your bite misses the quokka.
The quokka is severely wounded.
The quokka closely misses you.
You closely miss the quokka.
The quokka is severely wounded.
The quokka bites you.
You closely miss the quokka. Your bite misses the quokka.
The quokka is severely wounded.
The quokka bites you.
* * * LOW HITPOINT WARNING * * *
You barely miss the quokka.
The quokka is severely wounded.
The quokka bites you.
You die...

.......^...................
#######.##########.###....#
................##.# #....#
.......#.......#.#.# #....#
#...#...#.....#..#.# #....# ..
.#...#...#...#...#.###....###...
..#...#...#.#....#...+r..)......
...#.#.#...#.....#..##........#
....#...#.#.#...@#...#........#
.#.#...<.#...#...r.#...##.....#
..#.....#.#.#.#..#.###..#.....#
...#...#...#.....#.....$......#
...##.#...##.....#..............
..#..#...#..#....#........###...
.#..#.#.#....#...#.........# ...
#......#......#..#...........
......#.......(#.#....[......


You could see a quokka.

Vanquished Creatures
  2 dart slugs (D:1)
  2 endoplasms (D:1)
  A giant cockroach (D:1)
  A kobold (D:1)
  A quokka (D:1)
  A ball python (D:1)
8 creatures vanquished.

Notes
Turn   | Place    | Note
-------+----------+-------------------------------------------
     0 | D:1      | malesh the Vine Stalker Enchanter began the quest for the
                  | Orb.
     0 | D:1      | Reached XP level 1. HP: 9/9 MP: 4/4
   214 | D:1      | Reached XP level 2. HP: 10/13 MP: 4/6
   220 | D:1      | Learned a level 2 spell: Ensorcelled Hibernation
   426 | D:1      | Slain by a quokka

Illustrated notes

Levels and vault maps discovered:
D:1:      matt_arrival_diagonals, layout_basic,
          hellmonk_ecumenical_altar_zigzags, minmay_worlds_worst_comb

Action                   || total
-------------------------++-------
Melee: Dagger            ||    31
       Bite              ||     6
       Punch             ||     1
 Cast: Ensorcelled Hiber ||     3
 Stab: Sleeping          ||     2
Armor: Robe              ||     3
Dodge: Dodged            ||    16
